 Dungeon Crawl Stone Soup version 0.31.0-11-ge490571c62 (webtiles) character file.

Game seed: 12296286443466910118

119 howech the Chopper (level 4, -2/40 HPs)
             Began as a Minotaur Monk on Jan 28, 2024.
             Was a Priest of Kikubaaqudgha.
             Slain by a gnoll
             ... wielding a +0 halberd
              (5 damage)
             ... on level 2 of the Dungeon.
             The game lasted 00:06:09 (1626 turns).

howech the Chopper (Minotaur Monk)                  Turns: 1626, Time: 00:06:10

Health: -2/40      AC:  6    Str: 15    XL:     4   Next: 73%
Magic:  3/3        EV: 11    Int:  9    God:    Kikubaaqudgha [***...]
Gold:   51         SH:  0    Dex: 13    Spells: 2/3 levels left

rFire   . . .        a - +0 hand axe
rCold   . . .        d - orb {light}
rNeg    . . .        l - +0 ring mail
rPois   .            (helmet restricted)
rElec   .            g - +0 cloak
rCorr   .            (no gloves)
SInv    .            (no boots)
Will    .....        (no amulet)
Stlth   +            (no ring)
HPRegen 0.26/turn    (no ring)
MPRegen 0.08/turn

%: no passive effects
@: glowing
A: horns 2, retaliatory headbutt
a: Renounce Religion, Unearth Wretches


You were on level 2 of the Dungeon.
You worshipped Kikubaaqudgha.
Kikubaaqudgha was most pleased with you.
You visited 1 branch of the dungeon, and saw 3 of its levels.

You collected 51 gold pieces.

Inventory:

Hand Weapons
 a - a +0 hand axe (weapon)
Missiles
 e - 5 boomerangs (quivered)
Armour
 b - a +0 robe
 d - an orb of light (worn)
 g - a +0 cloak (worn)
 l - a +0 ring mail (worn)
Potions
 c - a potion of ambrosia


   Skills:
 + Level 4.0 Fighting
 * Level 4.5 Axes
 + Level 1.3 Throwing
 + Level 1.2 Armour
 + Level 3.7 Dodging
 + Level 1.2 Shields
 + Level 0.3 Spellcasting
 + Level 0.0 Conjurations
 + Level 0.3 Necromancy
 + Level 1.1 Evocations


You had 2 spell levels left.
You knew the following spells:

 Your Spells              Type           Power      Damage    Failure   Level
a - Kiss of Death         Conj/Necr      0%         2d5       56%         1

Your spell library contained the following spells:

 Spells                   Type           Power      Damage    Failure   Level
 Sandblast                Erth           0%         2d4       58%         1
 Sublimation of Blood     Necr           0%         N/A       71%         2
 Cigotuvi's Dreadful Rot  Necr/Alch/Air  0%         N/A       73%         2
 Passwall                 Erth           0%         N/A       92%         3
 Stone Arrow              Conj/Erth      0%         3d7       92%         3
 Anguish                  Hex/Necr       0%         N/A       100%        4
 Animate Dead             Necr           0%         N/A       100%        4
 Brom's Barrelling Bould  Conj/Erth      0%         2d3       100%        4
 Dispel Undead            Necr           0%         3d6       100%        4
 Martyr's Knell           Necr/Summ      0%         N/A       100%        4
 Curse of Agony           Necr           0%         N/A       100%        5


Dungeon Overview and Level Annotations

Branches:
Dungeon (3/15)

Altars:
Kikubaaqudgha


Innate Abilities, Weirdness & Mutations

You have a pair of horns on your head.
You reflexively headbutt those who attack you in melee.


Message History

The gnoll attacks as it pursues you!
The gnoll hits you from afar with a +0 halberd!
There is a stone staircase leading up here.
Found a whip.
The gnoll hits you with a +0 halberd.
There is a stone staircase leading up here.
The gnoll barely misses you. The kobold hits you with a +0 dagger.
You climb upwards.
There is a stone staircase leading down here.
You hit the gnoll.
The gnoll is lightly wounded.
You hit the kobold but do no damage. The gnoll closely misses you.
The kobold hits you with a +0 dagger.
* * * LOW HITPOINT WARNING * * *
You hit the gnoll.
You headbutt the gnoll, but do no damage.
The gnoll is moderately wounded.
You hit the kobold. The gnoll hits you with a +0 halberd!
* * * LOW HITPOINT WARNING * * *
The kobold closely misses you.
Unknown command.
You closely miss the kobold.
The kobold is severely wounded.
You hit the gnoll but do no damage. The gnoll hits you with a +0 halberd.
* * * LOW HITPOINT WARNING * * *
The kobold hits you but does no damage.
Unknown command.
You feel better. The gnoll closely misses you. The kobold barely misses you.
You hit the kobold.
You kill the kobold!
Kikubaaqudgha accepts your kill.
You hit the gnoll but do no damage. The gnoll hits you with a +0 halberd!
* * * LOW HITPOINT WARNING * * *
Unknown command.
You hit the gnoll.
You headbutt the gnoll, but do no damage.
The gnoll is heavily wounded.
The gnoll hits you with a +0 halberd.
You die...
Kikubaaqudgha rasps: "You have failed me!
Welcome... death!"

#..##.####.# #.....## ##.##
#.###.#....# #...##.###).#
#<# #.#.#### #...###.#...#
#.# #.#.#######...####.#..#
#.###.#..............###..#
#.................##.# #..#
#.###............###.# #..#
#.#############.## #.# #..##
#......<..g@)...####.###....
####################.####.##
###.####.## ###.####...
###.#####.. ###.#####.#
###.#####.# ###....>...
#########..


You could see a gnoll.

Vanquished Creatures
  5 adders (D:2)
  2 dart slugs
  3 ribbon worms (D:2)
  An orc (D:3)
  3 ball pythons (D:1)
  3 endoplasms
  6 giant cockroaches
  8 goblins
  4 hobgoblins
  5 kobolds
  4 quokkas
  5 bats
  4 frilled lizards
  6 rats
59 creatures vanquished.

Notes
Turn   | Place    | Note
-------+----------+-------------------------------------------
     0 | D:1      | howech the Minotaur Monk began the quest for the Orb.
     0 | D:1      | Reached XP level 1. HP: 19/19 MP: 0/0
   138 | D:1      | Reached XP level 2. HP: 26/27 MP: 1/1
   437 | D:1      | Found a faded altar of an unknown god.
   447 | D:1      | Prayed at the altar of an unknown god.
   447 | D:1      | Became a worshipper of Kikubaaqudgha
   447 | D:1      | Reached * piety under Kikubaaqudgha
   447 | D:1      | Received a gift from Kikubaaqudgha
   447 | D:1      | Reached ** piety under Kikubaaqudgha
   593 | D:1      | Reached XP level 3. HP: 30/33 MP: 2/2
   757 | D:1      | Learned a level 1 spell: Kiss of Death
   791 | D:2      | Reached skill level 1 in Armour
   795 | D:2      | Reached skill level 1 in Shields
   912 | D:2      | Reached *** piety under Kikubaaqudgha
   912 | D:2      | Received a gift from Kikubaaqudgha
  1009 | D:2      | Reached skill level 1 in Throwing
  1009 | D:2      | Reached XP level 4. HP: 40/40 MP: 3/3
  1077 | D:2      | Reached skill level 1 in Evocations
  1622 | D:2      | HP: 2/40 [gnoll/+0 halberd (9)]
  1626 | D:2      | Slain by a gnoll

Illustrated notes

Levels and vault maps discovered:
D:1:      wander_arrival_peaceful_grave, layout_basic,
          dreamdust_ecumenical_altar_angels_and_demons, minmay_tromino_i2
D:2:      layout_loops_ring, kennysheep_generic_room_13
D:3:      layout_rooms, uniq_ijyb, uniq_natasha

Skill      XL: |  1  2  3  4 |
---------------+-------------+-----
Axes           | 4 |  4.5
Armour         | 1 |  1.2
Shields        | 1 |  1.2
Throwing       | 1 |  1.3
Evocations     | 1 |  1.1
Fighting       | 4 |  4.0
Dodging        | |  3.7
Spellcasting   | |  0.3
Necromancy     | |  0.3

Action                     |  1- 3 |  4- 6 || total
---------------------------+-------+-------++-------
  Melee: Hand axe          |    69 |    48 ||   117
         Headbutt          |    14 |    12 ||    26
    Use: Scroll            |       |     6 ||     6
         Potion            |       |     2 ||     2
 Armour: Robe              |    29 |       ||    29
         Ring mail         |     7 |    40 ||    47
  Dodge: Dodged            |    44 |    25 ||    69
